 Dungeon Crawl Stone Soup version 0.27.1-33-g824d729ab1 (webtiles) character file.

Game seed: 10035015564683038214

72 halfoni the Skirmisher (level 4, 0/49 HPs)
             Began as an Ogre Berserker on Dec 18, 2021.
             Was a Believer of Trog.
             Slain by Grinder (1 damage)
             ... while paralysed by Grinder
             ... on level 3 of the Dungeon.
             The game lasted 00:03:45 (2649 turns).

halfoni the Skirmisher (Ogre Berserker)             Turns: 2649, Time: 00:03:46

Health: 0/49       AC:  3    Str: 22    XL:     4   Next: 26%
Magic:  0/4        EV:  1    Int:  8    God:    Trog [**....]
Gold:   102        SH:  0    Dex:  8    Spells: 3/3 levels left

rFire    . . .     SeeInvis +   a - +0 hand axe
rCold    . . .     Faith    .   l - +0 kite shield
rNeg     . . .     Spirit   +   e - +0 robe
rPois    .         Reflect  .   (helmet restricted)
rElec    .         Harm     .   (no cloak)
rCorr    .         Rampage  .   (gloves unavailable)
Will     .....                  (boots unavailable)
Stlth    +.........             n - amulet of guardian spirit
HPRegen  0.16/turn              m - ring of see invisible
MPRegen  0.09/turn              (no ring)

@: paralysed, on berserk cooldown, slowed
A: large, unfitting armour, tough skin 1
a: Renounce Religion, Berserk, Trog's Hand


You were on level 3 of the Dungeon.
You worshipped Trog.
Trog was pleased with you.
You visited 1 branch of the dungeon, and saw 3 of its levels.

You collected 102 gold pieces.

Inventory:

Hand Weapons
 a - a +0 hand axe (weapon)
Armour
 b - a +0 animal skin
 e - a +0 robe (worn)
 l - a +0 kite shield (worn)
Jewellery
 m - a ring of see invisible (left hand)
 n - an amulet of guardian spirit (around neck)
Scrolls
 c - 2 scrolls of noise {unknown}
 d - a scroll of fog {unknown}
 f - a scroll of holy word {unknown}
 h - 2 scrolls of magic mapping {unknown}
 i - a scroll of fear {unknown}
Potions
 g - a potion of lignification {unknown}
 j - a potion of attraction {unknown}
 k - a potion of flight {unknown}


   Skills:
 + Level 4.7 Fighting
 + Level 3.7 Axes
 * Level 1.1 Armour
 + Level 3.1 Dodging
 * Level 0.1 Shields


You had 3 spell levels left.
You didn't know any spells.
Your spell library was empty.

Dungeon Overview and Level Annotations

Branches:
Dungeon (3/15)

Altars:
Qazlal

Annotations:
D:3 Grinder


Innate Abilities, Weirdness & Mutations

You are too large for most types of armour.
You have tough skin. (AC +1)


Message History

You are no longer berserk.
You are exhausted.
You feel yourself slow down. Grinder gestures at you.
You shrug off the repeated paralysis!
You closely miss Grinder.
Grinder is almost dead.
Grinder gestures at you.
You suddenly lose the ability to move!
Grinder hits you.
You writhe in agony.
Grinder blinks! x2
You can move again.
Grinder blinks!
You see here a hobgoblin corpse.
You block Grinder's attack. Grinder closely misses you.
You see here a hobgoblin corpse.
You hit Grinder but do no damage.
Grinder is almost dead.
Grinder closely misses you. Grinder hits you.
You hit Grinder but do no damage.
Grinder is almost dead.
Grinder gestures at you. Pain shoots through your body!
Grinder hits you but does no damage.
Your shield prevents you from hitting Grinder.
Grinder is almost dead.
Grinder says, "You look like you could use a good racking."
You block Grinder's attack. Grinder hits you.
* * * LOW HITPOINT WARNING * * *
You writhe in agony.
* * * LOW HITPOINT WARNING * * *
You hit Grinder but do no damage.
Grinder is almost dead.
Grinder gestures at you. Pain shoots through your body!
* * * LOW HITPOINT WARNING * * *
Grinder gestures at you.
You suddenly lose the ability to move!
Grinder hits you.
* * * LOW HITPOINT WARNING * * *
Grinder hits you.
You die...

# ############
#.##..........#
#........####.#
########.###.#
#.# #........#
#.# #.#
#.########
#.####.# #.#
#.##...# #.#
#.##5### #.#
#.##@# #.#
#.##.# #.#
#.##.# ##.# #.#
##.# #.# .#.#
#.# ##.# #.#
##.# #.# ##:#
#.#


You could see Grinder.

Vanquished Creatures
  A gnoll (D:1)
  A worm (D:2)
  A dart slug (D:1)
  5 ball pythons
  6 bats
  7 endoplasms
  A giant cockroach (D:1)
  8 hobgoblins
  8 kobolds
  2 quokkas
  5 frilled lizards
  6 goblins
  2 rats
53 creatures vanquished.

Notes
Turn   | Place    | Note
-------+----------+-------------------------------------------
     0 | D:1      | halfoni the Ogre Berserker began the quest for the Orb.
     0 | D:1      | Reached XP level 1. HP: 24/24 MP: 1/1
   128 | D:1      | Reached XP level 2. HP: 21/32 MP: 2/2
   604 | D:1      | Reached XP level 3. HP: 39/40 MP: 3/3
  1389 | D:2      | Reached skill level 1 in Armour
  1405 | D:2      | Reached ** piety under Trog
  1693 | D:2      | Reached XP level 4. HP: 49/49 MP: 4/4
  2276 | D:3      | Found a stormy altar of Qazlal.
  2614 | D:3      | Noticed Grinder
  2628 | D:3      | Paralysed by Grinder for 5 turns
  2636 | D:3      | Paralysed by Grinder for 6 turns
  2647 | D:3      | Paralysed by Grinder for 4 turns
  2648 | D:3      | HP: 1/49 [Grinder (4)]
  2649 | D:3      | Slain by Grinder

Illustrated notes

Levels and vault maps discovered:
D:1:      dpeg_arrival_rooms_b, layout_basic
D:2:      layout_rooms, grunt_ministairs_10
D:3:      layout_loops_ring, nicolae_qazlal_scattered_showers,
          shapermc_ecumenical_altar_petra, uniq_grinder, uniq_natasha

Skill      XL: |  1  2  3 |
---------------+----------+-----
Dodging        | 3 |  3.1
Armour         | 1 |  1.1
Fighting       | |  4.7
Axes           | |  3.7
Shields        | |  0.1

Action                   |  1- 3 |  4- 6 || total
-------------------------+-------+-------++-------
Melee: Hand axe          |   144 |    68 ||   212
Invok: Berserk           |     1 |     2 ||     3
Armor: Animal skin       |    16 |       ||    16
       Robe              |    28 |    16 ||    44
Dodge: Dodged            |    76 |    16 ||    92
Block: Kite shield       |     4 |    22 ||    26
